 Dungeon Crawl Stone Soup version 0.27-a0-54-g64bdb92e38 (webtiles) character file.

Game seed: 17272485655496628333

366 kae the Insei (level 6, 0/41 HPs)
             Began as an Octopode Transmuter on Jan 7, 2021.
             Succumbed to a killer bee's poison
             ... on level 7 of the Dungeon.
             The game lasted 00:02:18 (4455 turns).

kae the Insei (Octopode Transmuter)                 Turns: 4455, Time: 00:02:19

Health: 0/41       AC:  2    Str:  8 (11) XL:     6   Next: 68%
Magic:  16/19      EV: 21    Int: 13 (15) God:
Gold:   189        SH:  0    Dex: 17 (18) Spells: 7/11 levels left

rFire    . . .     SeeInvis .     - Unarmed
rCold    . . .     Faith    .   (shield currently unavailable)
rNeg     . . .     Spirit   .   (helmet currently unavailable)
rPois    x         Reflect  .   (no amulet)
rElec    .         Harm     .   f - ring of magical power
rCorr    .         Rampage  .   (no ring)
Will     .....     Rnd*Rage +   (no ring)
Stlth    ++........             (no ring)
HPRegen  0.13/turn              (no ring)
MPRegen  0.16/turn              (no ring)
                                (no ring)
                                (no ring)

@: lethally poisoned (0 -> -21), spider-form
A: tiny, almost no armour, stealthy swim, (amphibious), 8 rings, (constrict 8),
berserk 1, MP-powered wands
a: End Transformation


You were on level 7 of the Dungeon.
You were a venomous arachnid creature.
You visited 2 branches of the dungeon, and saw 6 of its levels.

You collected 189 gold pieces.

Inventory:

Jewellery
 f - a ring of magical power (left front leg)
Scrolls
 a - 7 scrolls of identify
Potions
 h - a potion of attraction


   Skills:
 + Level 2.8 Fighting
 - Level 3.0 Dodging
 * Level 5.0 Unarmed Combat
 - Level 3.0 Spellcasting
 + Level 3.4 Transmutations


You had 7 spell levels left.
You knew the following spells:

 Your Spells              Type           Power        Failure   Level
a - Beastly Appendage     Tmut           20%          17%         1
b - Spider Form           Tmut/Pois      3%           56%         3

Your spell library contained the following spells:

 Spells                   Type           Power        Failure   Level
 Wereblood                Tmut           10%          22%         2
 Ice Form                 Ice/Tmut       6%           89%         4
 Blade Hands              Tmut           5%           95%         5


Dungeon Overview and Level Annotations

Branches:
Dungeon (4/15)             Temple (1/1) D:4

Altars:
Cheibriados
Elyvilon
Fedhas
Gozag
Hepliaklqana
Kikubaaqudgha
Nemelex Xobeh
Okawaru
Qazlal
Ru
Sif Muna
Trog
Vehumet
Xom
Yredelemnul
The Shining One

Annotations:
D:3 Ijyb


Innate Abilities, Weirdness & Mutations

You cannot wear most types of armour.
You are very stealthy in the water. (Stealth+)
((You are amphibious.))
You can wear up to eight rings at the same time.
((You can use your tentacles to constrict eight enemies at once.))
((Your skin changes colour to match your surroundings (Stealth+).))
((Your rubbery body absorbs attacks. (AC +1, EV +1)))
((You are partially covered in iridescent scales. (AC +2)))
You tend to lose your temper in combat.
You expend magic power (3 MP) to strengthen your wands.


Message History

You feel sick. The killer bee closely misses you. The killer bee stings you.
* * * LOW HITPOINT WARNING * * *
You are lethally poisoned!
The killer bee poisons you!
* * * LOW HITPOINT WARNING * * *
You feel sick. The killer bee closely misses you.
Okay, then.
Casting: Spider Form (quite dangerous; 34% risk of failure)
Confirm with . or Enter, or press ? or * to list all spells.
The spell is quite dangerous to cast (34% risk of failure)!
Continue anyway? [Y]es or [N]o only, please.
The spell is quite dangerous to cast (34% risk of failure)!
Continue anyway?
You turn into a venomous arachnid creature.
* * * LOW HITPOINT WARNING * * *
You feel sick. The killer bee barely misses you. The killer bee stings you.
* * * LOW HITPOINT WARNING * * *
You are more poisoned.
The killer bee poisons you!
You barely miss the killer bee.
You die...

. .... .. ... . B.. ..
.#### .... #.## .....
..$K. #..##..### #
......####.....yB. #.#
........K...........
......####K.#####.##.#
##### ##...ys.....#
#.########## ###


You could see a killer bee and a kobold.

Vanquished Creatures
  An ogre (D:4)
  A bullfrog skeleton (D:4)
  Terence (D:2)
  2 worker ants (D:4)
  Robin (D:2)
  6 adders
  2 oozes
  2 worms (D:2)
  2 dart slugs (D:1)
  3 leopard geckos
  9 orcs
  6 bats
  4 giant cockroaches
  16 goblins
  7 hobgoblins
  6 jackals
  2 quokkas
  7 frilled lizards
  8 kobolds
  6 rats
92 creatures vanquished.

Vanquished Creatures (others)
  A howler monkey (D:4)
  An orc wizard (D:4)
  A worker ant (D:4)
  A quokka (D:4)
  2 plants (D:4)
6 creatures vanquished.

Grand Total: 98 creatures vanquished

Notes
Turn   | Place    | Note
-------+----------+-------------------------------------------
     0 | D:1      | kae the Octopode Transmuter began the quest for the Orb.
     0 | D:1      | Reached XP level 1. HP: 13/13 MP: 3/3
   102 | D:1      | Reached XP level 2. HP: 18/18 MP: 3/5
   745 | D:1      | Reached XP level 3. HP: 23/23 MP: 6/6
  1363 | D:2      | Noticed Terence
  1390 | D:2      | HP: 1/34 [Terence/+1 short sword of flaming (2)]
  1393 | D:2      | Killed Terence
  1394 | D:2      | Reached XP level 4. HP: 2/29 MP: 7/7
  1472 | D:2      | Noticed Robin
  1479 | D:2      | Killed Robin
  2043 | D:2      | Learned a level 3 spell: Spider Form
  2356 | D:3      | Noticed Ijyb
  2432 | D:3      | Reached XP level 5. HP: 25/34 MP: 8/8
  2742 | D:3      | Reached skill level 4 in Unarmed Combat
  3075 | D:3      | Found an ancient bone altar of Kikubaaqudgha.
  3171 | D:3      | Found a radiant altar of Vehumet.
  3176 | D:3      | Found a shimmering blue altar of Sif Muna.
  3179 | D:3      | Identified Sif Muna's Compendium of Transmutation
  3709 | D:4      | Noticed an ogre
  3720 | D:4      | Killed an ogre
  3721 | D:4      | Reached XP level 6. HP: 33/41 MP: 10/10
  3785 | D:4      | Found a staircase to the Ecumenical Temple.
  3813 | Temple   | Entered the Ecumenical Temple
  4267 | D:4      | Reached skill level 5 in Unarmed Combat
  4439 | D:4      | You fall into a shaft and drop 3 floors!
  4444 | D:7      | Gained mutation: You tend to lose your temper in combat.
                  | [potion of mutation]
  4444 | D:7      | Gained mutation: You expend magic power (3 MP) to
                  | strengthen your wands. [potion of mutation]
  4444 | D:7      | Gained mutation: You are partially covered in iridescent
                  | scales. (AC +2) [potion of mutation]
  4454 | D:7      | HP: 1/41 [killer bee (5)]
  4455 | D:7      | Succumbed to a killer bee's poison

Illustrated notes

Levels and vault maps discovered:
D:1:      dpeg_arrival_tiny_a, layout_basic, serial_curves, eino_curves_01,
          eino_curves_02, glass_columns_a, minmay_tripent
D:2:      layout_basic, uniq_robin, uniq_terence
D:3:      layout_loops_ring, grunt_temple_overflow_magic_moments,
          grunt_ministairs_9, minmay_misc_feat_columns,
          corexii_item_surrounded_by_moat, kennysheep_generic_room_6, uniq_ijyb
D:4:      layout_loops_corners, zin_scriptorium, minmay_temple_entry_junction,
          serial_bayou_ford_a, minmay_misc_feat_iff, xom_confusion_cloud
D:7:      layout_basic, patterned_corridor, uniq_pikel
Temple:   cyrus_circular_temple

Skill      XL: |  1  2  3  4  5  6 |
---------------+-------------------+-----
Fighting       | 2 |  2.8
Unarmed Combat | 4 5 |  5.0
Dodging        | 3 |  3.0
Transmutations | 3 |  3.4
Spellcasting   | 3 |  3.0

Action                   |  1- 3 |  4- 6 || total
-------------------------+-------+-------++-------
Melee: Unarmed           |    65 |   146 ||   211
       Kick              |    10 |    26 ||    36
       Constrict         |    16 |    38 ||    54
       Tentacles         |     6 |    21 ||    27
       Punch             |     1 |       ||     1
 Cast: Beastly Appendage |    17 |    27 ||    44
       Spider Form       |       |     2 ||     2
  Use: Potion            |     1 |     3 ||     4
       Scroll            |       |     7 ||     7
 Stab: Sleeping          |     7 |     7 ||    14
Armor: Skin              |     8 |    12 ||    20
Dodge: Dodged            |    39 |   115 ||   154

Table legend: (Time is in decaauts)
 A = Elapsed time spent in this place.
 B = Non-inter-level travel time spent in this place.
 C = Inter-level travel time spent in this place.
 D = Time resting spent in this place.
 E = Time spent auto-exploring this place.
 F = Levels seen in this place.
 G = Mean time per level.
                   A        B        C        D        E       F      G
               +--------+--------+--------+--------+--------+-----+--------+
         Total |   4451 |   4308 |    143 |     12 |   3692 |   6 |  741.8 |
       Dungeon |   4395 |   4263 |    132 |     12 |   3648 |   5 |  879.0 |
        Temple |     55 |     44 |     11 |      0 |     44 |   1 |   55.0 |
               +--------+--------+--------+--------+--------+-----+--------+

Top non-repeatable levels by time:
     D:1: 1600 daAuts
     D:3: 1338 daAuts
     D:2: 754 daAuts
     D:4: 687 daAuts
  Temple: 55 daAuts
     D:7: 15 daAuts
